 Dungeon Crawl Stone Soup version 0.24.0-28-g17ded55e90 (webtiles) character file.

Game seed: 17668884426967914790, levelgen mode: deterministic

7155 Johnny the Carver (level 10, 0/88 HPs)
             Began as a Troll Berserker on Nov 11, 2019.
             Was a High Priest of Trog.
             Slain by a blink frog (19 damage)
             ... on level 1 of the Lair of Beasts.
             The game lasted 00:12:00 (7974 turns).

Johnny the Carver (Troll Berserker)                 Turns: 7974, Time: 00:12:00

Health: 0/88       AC:  6    Str: 30    XL:     10   Next: 86%
Magic:  9/9        EV: 17    Int:  3    God:    Trog [*****.]
Gold:   234        SH:  0    Dex:  9    Spells: 9/9 levels left

rFire    . . .     SeeInvis .   M - +6 scimitar
rCold    . . .     Gourm    +   (no shield)
rNeg     . . .     Faith    +   b - +0 animal skin
rPois    .         Spirit   .   (helmet restricted)
rElec    .         Reflect  .   (no cloak)
rCorr    .         Harm     .   (gloves unavailable)
MR       ++...                  (boots unavailable)
Stlth    +.........             i - amulet of faith
HPRegen  1.64/turn              n - +1 ring of slaying
MPRegen  0.11/turn              j - +4 ring of evasion

@: lethally poisoned (0 -> 0), berserk cooldown, regenerating, slowed, very slow
A: large, unfitting armour, claws 3, fast metabolism 3, gourmand, regeneration
1, shaggy fur 1, tough skin 3
a: Berserk, Trog's Hand, Brothers in Arms, Renounce Religion


You were on level 1 of the Lair of Beasts.
You worshipped Trog.
Trog was extremely pleased with you.
You were not hungry.

You visited 3 branches of the dungeon, and saw 11 of its levels.

You collected 541 gold pieces.
You spent 307 gold pieces at shops.

Inventory:

Hand Weapons
 o - a +0 great sword
 D - a +3 antimagic long sword
 M - a +6 scimitar (weapon)
Missiles
 H - a throwing net (quivered)
Armour
 b - a +0 animal skin (worn)
Jewellery
 a - a +5 ring of protection {unknown}
 i - an amulet of faith (around neck)
 j - a +4 ring of evasion (right claw)
 n - a +1 ring of slaying (left claw)
 t - an uncursed ring of fire
 K - an uncursed amulet of guardian spirit
Wands
 A - a wand of polymorph (10)
Scrolls
 e - 2 scrolls of noise
 k - 4 scrolls of immolation
 p - 12 scrolls of teleportation
 q - 3 scrolls of magic mapping
 r - 3 scrolls of blinking
 s - a scroll of fear
 u - 4 scrolls of remove curse
 w - 3 scrolls of enchant armour
 x - 5 scrolls of fog
 y - 4 scrolls of enchant weapon
 F - a scroll of brand weapon {unknown}
Potions
 d - 6 potions of curing
 f - 3 potions of flight
 g - 2 potions of degeneration
 h - 2 potions of might
 l - 2 potions of resistance
 m - a potion of cancellation {unknown}
 v - a potion of haste {unknown}
 z - 2 potions of heal wounds {unknown}
 B - a potion of lignification
 G - a potion of magic {unknown}
 I - 2 potions of ambrosia {unknown}
Comestibles
 c - 15 rations


   Skills:
 - Level 2.4 Fighting
 * Level 11.6 Long Blades
 + Level 8.5 Dodging


You had 9 spell levels left.
You didn't know any spells.
Your spell library contained the following spells:

 Spells                   Type           Power        Failure   Level  Hunger
 Shock                    Conj/Air       #...         52%         1    ##.....
 Swiftness                Chrm/Air       #.......     67%         2    ###....
 Static Discharge         Conj/Air       #.......     88%         3    ####...
 Airstrike                Air            #.........   99%         4    #####..
 Lightning Bolt           Conj/Air       #.........   100%        5    ######.


Dungeon Overview and Level Annotations

Branches:
Dungeon (9/15)             Temple (1/1) D:7            Lair (1/6) D:9
    Orc (0/2) D:9

Altars:
Ashenzari
Cheibriados
Dithmenos
Elyvilon
Fedhas
Gozag
Hepliaklqana
Kikubaaqudgha
Makhleb
Nemelex Xobeh
Okawaru
Qazlal
Ru
Sif Muna
Trog
Uskayaw
Vehumet
Wu Jian
Xom
Yredelemnul
Zin
The Shining One

Shops:
D:5 ?   D:7 %

Annotations:
D:8 exclusion: ice statue


Innate Abilities, Weirdness & Mutations

You are too large for most types of armour.
You have claws for hands.
Your metabolism is lightning-fast.
You like to eat raw meat.
Your natural rate of healing is unusually fast.
You are covered in fur. (AC +1)
You have extremely tough skin. (AC +3)


Message History

You feel sick.
You are no longer berserk.
You are exhausted.
You feel yourself slow down.
Unknown command.
You slash the blink frog!
The blink frog is moderately wounded.
You feel sick.
The blink frog blinks! x2
Unknown command.
You closely miss the blink frog.
You feel sick.
The blink frog blinks! x2
The blink frog hits you.
* * * LOW HITPOINT WARNING * * *
The blink frog blinks!
Unknown command.
You feel sick.
The blink frog blinks!
Your skin crawls.
You feel resistant to hostile enchantments.
You feel somewhat more hungry.
You feel sick.
The blink frog blinks!
The blink frog hits you!!
You die...

..............<..#
.....####....##..#
.....####....###.##
####.(........##..#
#≈≈#.............##
≈≈≈#...........#.#
#.≈#..###.....##)##
.....#.........#.P# .
##..#.....####.#@## ..
#...#.........(#F# ...
.................# ....
.#...............####.....
....#.........§#..........
#...#.....................
#.............§....§#.....
...........##P##..........
..........#####...§.#..>..


You could see a blink frog.

Vanquished Creatures
  A two-headed ogre (D:8)
  An elephant (D:9)
  A black mamba (Lair:1)
  A spiny frog (Lair:1)
  A blink frog (Lair:1)
  A hippogriff (D:9)
  A hungry ghost (D:7)
  A naga (D:9)
  Menkaure (D:4)
  A porcupine (Lair:1)
  An ice beast (D:4)
  7 orc warriors
  A swamp drake (D:9)
  3 sky beasts
  2 phantoms
  A necrophage (D:5)
  3 ogres
  The ghost of nht the Insei, an amateur DsBe of Trog (D:3)
  An eye of draining (D:8)
  4 crocodiles
  3 centaurs
  5 bullfrogs
  A scorpion (D:5)
  A howler monkey (D:5)
  An electric eel (Lair:1)
  A crimson imp (D:7)
  A quasit (D:8)
  A bullfrog zombie (D:7)
  A jelly (D:6)
  5 hounds
  A centaur skeleton (D:8)
  10 orc priests
  A bullfrog skeleton (D:5)
  12 orc wizards
  3 gnoll shamans
  6 worker ants
  4 iguanas
  Natasha (thrice) (D:4)
  A killer bee zombie (D:6)
  13 gnolls
  10 adders
  2 shadow imps
  8 ufetubi (D:8)
  2 adder skeletons
  2 adder zombies (D:9)
  3 worms
  A dart slug (D:2)
  5 leopard geckos
  64 orcs
  9 bats
  6 giant cockroaches
  12 goblins
  8 hobgoblins
  3 quokkas
  5 frilled lizards
  A jackal skeleton (D:8)
  A jackal zombie (D:5)
  5 kobolds
  2 leopard gecko skeletons
  2 quokka skeletons
  10 rats
269 creatures vanquished.

Vanquished Creatures (collateral kills)
  A wyvern (D:9)
  2 orcs (D:9)
3 creatures vanquished.

Vanquished Creatures (others)
  2 plants (D:9)
2 creatures vanquished.

Grand Total: 274 creatures vanquished

Notes
Turn   | Place    | Note
-------+----------+-------------------------------------------
     0 | D:1      | Johnny the Troll Berserker began the quest for the Orb.
     0 | D:1      | Reached XP level 1. HP: 22/22 MP: 0/0
    83 | D:1      | Reached XP level 2. HP: 10/29 MP: 1/1
   349 | D:1      | Reached skill level 3 in Long Blades
   646 | D:1      | Reached ** piety under Trog
   684 | D:2      | Reached XP level 3. HP: 36/36 MP: 2/2
   866 | D:2      | Found a sacrificial altar of Ru.
  1301 | D:2      | Reached XP level 4. HP: 44/44 MP: 3/3
  1830 | D:3      | Found a transporter.
  1838 | D:3      | Noticed nht's ghost (amateur DsBe)
  1855 | D:3      | Found a glowing silver altar of Zin.
  1984 | D:3      | Found a transporter.
  2379 | D:3      | Killed nht's ghost
  2379 | D:3      | Reached skill level 4 in Long Blades
  2379 | D:3      | Reached XP level 5. HP: 50/50 MP: 4/4
  2596 | D:4      | Noticed Natasha
  2609 | D:4      | Killed Natasha
  2640 | D:4      | Found a hazy altar of Hepliaklqana.
  2642 | D:4      | Noticed Natasha
  2648 | D:4      | Killed Natasha
  2648 | D:4      | Reached XP level 6. HP: 59/59 MP: 5/5
  2699 | D:4      | Noticed an ice beast
  2714 | D:4      | Killed an ice beast
  2714 | D:4      | Reached skill level 5 in Long Blades
  2902 | D:4      | Noticed Menkaure
  2917 | D:4      | Killed Menkaure
  2917 | D:4      | Reached *** piety under Trog
  2917 | D:4      | Reached XP level 7. HP: 18/66 MP: 6/6
  3048 | D:4      | Noticed Natasha
  3074 | D:4      | Killed Natasha
  3152 | D:4      | Reached skill level 6 in Long Blades
  3234 | D:5      | Entered Level 5 of the Dungeon
  3239 | D:5      | Found Ranycw's Magic Scroll Boutique.
  3252 | D:5      | Bought a scroll of identify for 30 gold pieces
  3252 | D:5      | Bought a scroll of identify for 30 gold pieces
  3252 | D:5      | Bought a scroll of teleportation for 45 gold pieces
  3252 | D:5      | Bought a scroll of magic mapping for 52 gold pieces
  3252 | D:5      | Bought a scroll of identify for 30 gold pieces
  3618 | D:5      | Reached skill level 5 in Dodging
  3618 | D:5      | Reached XP level 8. HP: 49/73 MP: 7/7
  3629 | D:5      | Received a gift from Trog
  3676 | D:5      | Reached skill level 7 in Long Blades
  3705 | D:5      | Reached **** piety under Trog
  3988 | D:5      | Bought a scroll of identify for 30 gold pieces
  4315 | D:6      | Received a gift from Trog
  4374 | D:6      | Reached skill level 8 in Long Blades
  4500 | D:6      | Found a shadowy altar of Dithmenos.
  4531 | D:6      | Reached XP level 9. HP: 74/80 MP: 8/8
  4645 | D:6      | Reached ***** piety under Trog
  4917 | D:7      | Reached skill level 9 in Long Blades
  4926 | D:7      | Found Basetesm's Food Shoppe.
  4971 | D:7      | Found a staircase to the Ecumenical Temple.
  5005 | D:7      | Received a gift from Trog
  5454 | D:7      | Found a shimmering blue altar of Sif Muna.
  5536 | D:5      | Bought a scroll of teleportation for 45 gold pieces
  5536 | D:5      | Bought a scroll of teleportation for 45 gold pieces
  5576 | Temple   | Entered the Ecumenical Temple
  5821 | D:8      | Noticed an ice devil
  5822 | D:8      | Noticed an ice devil
  5822 | D:8      | Noticed an ice devil
  5823 | D:8      | Noticed an ice devil
  5836 | D:8      | Noticed an ice statue
  6054 | D:8      | Found a burning altar of Makhleb.
  6063 | D:8      | Reached skill level 10 in Long Blades
  6071 | D:8      | Found an opulent altar of Gozag.
  6071 | D:8      | Noticed a two-headed ogre
  6079 | D:8      | Killed a two-headed ogre
  6079 | D:8      | Reached XP level 10. HP: 35/88 MP: 1/9
  6220 | D:8      | Found a snail-covered altar of Cheibriados.
  6827 | D:9      | Found a staircase to the Orcish Mines.
  7197 | D:9      | Found a staircase to the Lair.
  7200 | D:9      | Noticed an elephant
  7212 | D:9      | Killed an elephant
  7212 | D:9      | Reached skill level 11 in Long Blades
  7648 | Lair:1   | Entered Level 1 of the Lair of Beasts
  7776 | Lair:1   | Noticed a spiny frog
  7784 | Lair:1   | Killed a spiny frog
  7942 | Lair:1   | Noticed a black mamba
  7963 | Lair:1   | Killed a black mamba
  7963 | Lair:1   | Received a gift from Trog
  7974 | Lair:1   | Slain by a blink frog

Levels and vault maps discovered:
D:1:      nicolae_arrival_memento_mori, layout_loops_ring
D:2:      kennysheep_the_goblin_king, layout_loops_corners,
          nicolae_ru_the_path_less_chosen, first_ration
D:3:      layout_loops_corners, lemuel_crystal_altar, gammafunk_ghost_arena
D:4:      layout_gridville, kennysheep_mini_moat, uniq_menkaure, uniq_natasha
D:5:      layout_loops_ring, serial_shops, shop_scrolls
D:6:      layout_rooms, marbit_many_paths, hangedman_decor_opposing
D:7:      layout_cave_pools, lemuel_blue_sif_altar, temple_fountains,
          serial_shops, shop
D:8:      cheibrodos_frozen_isle, layout_basic, makhleb_altar_promises_db,
          overflow_temple_1_default, cheibrodos_worm_habitat
D:9:      layout_roguey, david_lair_generic, hiddenorc2_lemuel
Temple:   eino_temple_lava
Lair:1:   layout_gridlike, lemuel_fruit_tree, serial_bayou_shore_b

Skill      XL: |  1  2  3  4  5  6  7  8  9 10 |
---------------+-------------------------------+-----
Long Blades    | 3 4 5 6 8 10 11 | 11.6
Dodging        | 3 4 5 6 7 8 |  8.5
Fighting       | |  2.4

Action                   |  1- 3 |  4- 6 |  7- 9 | 10-12 || total
-------------------------+-------+-------+-------+-------++-------
Melee: Falchion          |   121 |   146 |   398 |       ||   665
       Long sword        |       |       |    94 |    68 ||   162
       Scimitar          |       |       |       |   108 ||   108
Invok: Berserk           |     2 |     4 |    13 |     3 ||    22
       Trog's Hand       |       |       |       |     1 ||     1
       Brothers in Arms  |       |       |       |     1 ||     1
Evoke: Wand              |       |       |    34 |     3 ||    37
  Use: Scroll            |       |     8 |    11 |     3 ||    22
       Potion            |       |       |     1 |     1 ||     2
 Stab: Sleeping          |       |     1 |       |       ||     1
  Eat: Chunk             |    16 |    13 |    53 |    17 ||    99
       Ration            |       |       |     3 |       ||     3
Armor: Animal skin       |    54 |    37 |   110 |    25 ||   226
       Skin              |       |       |       |     9 ||     9
Dodge: Dodged            |    91 |   118 |   406 |   136 ||   751
       Rpst.: Falchion   |    26 |    38 |    97 |       ||   161
       Long sword        |       |       |    31 |    12 ||    43
       Scimitar          |       |       |       |    26 ||    26
